 Dungeon Crawl Stone Soup version 0.31.0-12-g77e489cdc1 (webtiles) character file.

Game seed: 12286961756830280202

202 NotreDorf the Poker (level 5, -5/64 HPs)
             Began as a Merfolk Berserker on Feb 12, 2024.
             Was a Priest of Trog.
             Killed by divine providence
             ... invoked by an orc priest
              (11 damage)
             ... on level 4 of the Dungeon.
             The game lasted 00:10:03 (3085 turns).

NotreDorf the Poker (Merfolk Berserker)             Turns: 3085, Time: 00:10:03

Health: -5/64      AC:  4    Str: 18    XL:     5   Next: 80%
Magic:  5/5        EV: 13    Int: 11    God:    Trog [***...]
Gold:   152        SH:  0    Dex: 12    Spells: 4/4 levels left

rFire   + . .        t - +0 trident
rCold   . . .        (no shield)
rNeg    . . .        p - +0 leather armour {Will+}
rPois   .            (no helmet)
rElec   .            (no cloak)
rCorr   .            d - +0 pair of gloves
SInv    .            (no boots)
Will    +....        (no amulet) Stlth
                     s - ring of protection from fire
HPRegen 0.30/turn    (no ring)
MPRegen 0.09/turn

%: no passive effects
@: berserking (expiring), very quick
A: (nimble swimmer 2), mertail, clever 1, evolution 1
a: Renounce Religion, Berserk, Trog's Hand


You were on level 4 of the Dungeon.
You worshipped Trog.
Trog was most pleased with you.
You visited 1 branch of the dungeon, and saw 4 of its levels.

You collected 152 gold pieces.

Inventory:

Hand Weapons
 t - a +0 trident (weapon)
Armour
 d - a +0 pair of gloves (worn)
 p - a +0 leather armour of willpower (worn)
Jewellery
 s - a ring of protection from fire (left hand)
Talismans
 c - a maw talisman
 n - a flux talisman
 o - a granite talisman
Wands
 l - a wand of mindburst (3)
Scrolls
 g - 2 scrolls of noise {unknown}
 h - a scroll of amnesia {unknown}
 i - 2 scrolls of identify {unknown}
 j - 3 scrolls of fear {unknown}
 k - a scroll of vulnerability {unknown}
 m - 2 scrolls of teleportation {unknown}
Potions
 b - a potion of curing
 e - a potion of mutation
 f - a potion of ambrosia {unknown}
 q - a potion of cancellation {unknown}
 r - a potion of might {unknown}


   Skills:
 + Level 4.4 Fighting
 + Level 5.3 Polearms
 - Level 1.4 Armour
 + Level 4.5 Dodging
 + Level 2.9 Shapeshifting


You had 4 spell levels left.
You didn't know any spells.
Your spell library was empty.

Dungeon Overview and Level Annotations

Branches:
Dungeon (4/15)
 Temple: D:4-7

Altars:
Dithmenos
Fedhas
Sif Muna
Xom
The Shining One

Shops:
D:2 [


Innate Abilities, Weirdness & Mutations

((You are very nimble when in or above water. (Stealth+, EV+, Speed+++)))
Your lower body shifts to a powerful aquatic tail in water.
Your mind is acute. (Int +4, Str/Dex -1)
You have hidden genetic potential.


Message History

You hit something.
You hear some strange, mumbled words.
You are confused.
You miss something. Something hits you but does no damage.
You barely miss something. Something hits you.
You feel better. Something hits you.
The orc priest mumbles some strange prayers to Beogh against you.
Beogh smites you!
You puncture something! Something barely misses you.
A red film seems to cover your vision as you go berserk!
You feel yourself moving faster!
You feel mighty!
The orc priest miscasts a cantrip.
You puncture the orc!
You kill the orc!
Trog accepts your kill. Something hits you but does no damage.
You see here a +0 mace.
You miss something.
The orc priest invokes the aid of Beogh against you.
Beogh smites you!
* * * LOW HITPOINT WARNING * * *
Something hits you.
* * * LOW HITPOINT WARNING * * *
You closely miss something. You miss something.
Something completely misses you.
You barely miss something.
You hear some strange, mumbled words.
A puff of flame appears from out of thin air!
The puff of flame misses you.
You miss something. You closely miss something.
You hear some strange, mumbled words.
A puff of flame appears from out of thin air!
The puff of flame misses you.
You miss something. Something hits you.
* * * LOW HITPOINT WARNING * * *
You miss something.
The orc priest mumbles some strange prayers to Beogh against you.
Beogh smites you!
You die...

. ###### #..
.....####
#..######..#.....
#..o{@.......#
#..######.#### #
#.# #.# #.#
#####.# #..
........#.# #.#
##..###.#.# #.#
..........#


You could see an orc priest.

Vanquished Creatures
  A phantom (D:3)
  4 adders (D:3)
  3 dart slugs
  A ribbon worm (D:3)
  8 orcs
  6 ball pythons
  5 endoplasms
  2 giant cockroaches
  6 goblins
  7 hobgoblins
  10 kobolds
  4 quokkas
  6 bats
  4 frilled lizards
  4 rats
71 creatures vanquished.

Notes
Turn   | Place    | Note
-------+----------+-------------------------------------------
     0 | D:1      | NotreDorf the Merfolk Berserker began the quest for the
                  | Orb.
     0 | D:1      | Reached XP level 1. HP: 18/18 MP: 1/1
    75 | D:1      | Reached XP level 2. HP: 24/24 MP: 2/2
   205 | D:1      | Reached skill level 1 in Shapeshifting
   433 | D:1      | Reached ** piety under Trog
   434 | D:1      | Reached XP level 3. HP: 20/29 MP: 3/3
   849 | D:2      | Found a faded altar of an unknown god.
   907 | D:2      | Found Cahix's Armour Shop.
  1936 | D:3      | Found a shadowy altar of Dithmenos.
  2110 | D:3      | Reached XP level 4. HP: 37/37 MP: 4/4
  2213 | D:3      | Noticed a phantom
  2263 | D:3      | Killed a phantom
  2264 | D:3      | Reached skill level 5 in Polearms
  2264 | D:3      | Reached XP level 5. HP: 14/42 MP: 5/5
  2505 | D:3      | Gained mutation: Your mind is acute. (Int +4, Str/Dex -1)
                  | [potion of mutation]
  2505 | D:3      | Gained mutation: You have hidden genetic potential. [potion
                  | of mutation]
  2636 | D:3      | Found a glowing golden altar of the Shining One.
  2642 | D:3      | Found a shimmering altar of Xom.
  2993 | D:3      | Found a shimmering blue altar of Sif Muna.
  2994 | D:3      | Found a blossoming altar of Fedhas.
  3062 | D:4      | Reached *** piety under Trog
  3085 | D:4      | Killed from afar by an orc priest

Illustrated notes

Levels and vault maps discovered:
D:1:      mainiacjoe_arrival_reflecting_pool, layout_loops_ring, feat_on_display
D:2:      layout_basic, serial_shops, shop,
          shapermc_ecumenical_altar_mp_ritualfount, kennysheep_flooded_box,
          kennysheep_small_spiral, minmay_close_crescents
D:3:      layout_basic, nicolae_overflow_hidden_temple,
          mainiacjoe_overflow_big_doors, kennysheep_generic_room_12
D:4:      layout_loops_ring, mainiacjoe_overflow_catwalk,
          minmay_temple_entry_grid

Skill      XL: |  1  2  3  4 |
---------------+-------------+-----
Dodging        | 3 4 |  4.5
Shapeshifting  | 1 2 |  2.9
Fighting       | 4 |  4.4
Polearms       | 5 |  5.3
Armour         | |  1.4

Action                     |  1- 3 |  4- 6 || total
---------------------------+-------+-------++-------
  Melee: Spear             |   176 |    98 ||   274
         Trident           |       |    44 ||    44
 Invoke: Berserk           |       |     2 ||     2
    Use: Potion            |       |     3 ||     3
   Stab: Sleeping          |     2 |     1 ||     3
 Armour: Animal skin       |    14 |       ||    14
         Leather armour    |    45 |    67 ||   112
  Dodge: Dodged            |    66 |    74 ||   140
